 Dungeon Crawl Stone Soup version 0.24-a0-70-gf44d0c5 (webtiles) character file.

Game seed: 11372012721525827620

44 galech the Skirmisher (level 3, -2/29 HPs)
             Began as a Demonspawn Fighter on Feb 6, 2019.
             Slain by a worm (5 damage)
             ... on level 2 of the Dungeon.
             The game lasted 00:01:01 (657 turns).

galech the Skirmisher (Demonspawn Fighter)           Turns: 657, Time: 00:01:01

Health: -2/29      AC:  6    Str: 21    XL:     3   Next: 39%
Magic:  3/3        EV:  7    Int:  9    God:
Gold:   31         SH:  9    Dex: 13    Spells: 2/2 levels left

rFire    . . .     SeeInvis .   a - +0 war axe
rCold    . . .     Gourm    .   c - +0 shield
rNeg     . . .     Faith    .   b - +0 scale mail
rPois    .         Spirit   .   (no helmet)
rElec    .         Reflect  .   (no cloak)
rCorr    .         Harm     .   (no gloves)
MR       .....                  (no boots)
Stlth    ..........             (no amulet)
HPRegen  0.09/turn              (no ring)
MPRegen  0.08/turn              (no ring)

@: mighty
A: foul stench 1, rot immunity
a: no special abilities


You were on level 2 of the Dungeon.
You were not hungry.

You visited 1 branch of the dungeon, and saw 2 of its levels.

You collected 31 gold pieces.

Inventory:

Hand Weapons
 a - a +0 war axe (weapon)
Armour
 b - a +0 scale mail (worn)
 c - a +0 shield (worn)
Jewellery
 h - a cursed -2 ring of protection {unknown}
Scrolls
 e - 2 scrolls of identify {unknown}
 i - a scroll of noise {unknown}
 j - a scroll of fog {unknown}
 m - a scroll of teleportation {unknown}
 n - a scroll of remove curse {unknown}
 p - a scroll of immolation {unknown}
Potions
 k - a potion of flight {unknown}
 l - a potion of resistance {unknown}
 o - a potion of degeneration {unknown}
Comestibles
 f - a ration
 g - 2 chunks of flesh


   Skills:
 + Level 3.2 Fighting
 + Level 2.5 Axes
 + Level 3.0 Armour
 + Level 3.1 Shields


You had 2 spell levels left.
You didn't know any spells.
Your spell library was empty.

Dungeon Overview and Level Annotations

Branches:
Dungeon (2/15)

Altars:


Innate Abilities, Weirdness & Mutations

You may emit foul miasma when damaged in melee.
You are immune to rotting.


Message History

You block the rat's attack. The kobold hits you but does no damage.
The kobold looks sick.
You barely miss the rat. You closely miss the quokka. You slash the kobold!
You kill the kobold!
You block the rat's attack.
The quokka bites you but does no damage.
The quokka looks sick.
You block the quokka's attack. The rat barely misses you.
You closely miss the quokka. You slash the kobold!
You kill the kobold!
You closely miss the rat.
The quokka bites you but does no damage.
The rat bites you but does no damage.
The rat looks sick.
The quokka bites you.
* * * LOW HITPOINT WARNING * * *
You slash the worm!
The worm is heavily wounded.
You hit the quokka. You slash the rat!
You kill the rat!
You block the quokka's attack. The worm bites you.
You die...

... ..# ..# ..#
.!#
######..####
##...).†....##
#....r@).....#
#.....w..(.....
#..............
#..............
#.......<......
#..............
##............#
##....[.....##


You could see a worm and a quokka.

Vanquished Creatures
  A gnoll (D:1)
  An adder zombie (D:1)
  A dart slug (D:1)
  A bat zombie (D:1)
  2 giant cockroaches (D:1)
  2 goblins (D:1)
  3 hobgoblins (D:1)
  A ball python (D:1)
  4 bats (D:1)
  3 frilled lizards (D:1)
  6 kobolds
  5 rats
30 creatures vanquished.

Notes
Turn   | Place    | Note
-------+----------+-------------------------------------------
     0 | D:1      | galech the Demonspawn Fighter began the quest for the Orb.
     0 | D:1      | Reached XP level 1. HP: 18/18 MP: 1/1
    64 | D:1      | Gained mutation: You are immune to rotting. [demonic
                  | ancestry]
    64 | D:1      | Reached XP level 2. HP: 21/24 MP: 2/2
   294 | D:1      | Gained mutation: You may emit foul miasma when damaged in
                  | melee. [demonic ancestry]
   294 | D:1      | Reached XP level 3. HP: 23/29 MP: 3/3
   657 | D:2      | Slain by a worm

Vault maps used:
D:1:      saegor_arrival_fortress, layout_basic, serial_glass, glass_columns_c,
          glass_columns_b, glass_columns_c, glass_columns_b, glass_columns_b
D:2:      layout_rooms

Skill      XL: |  1  2  3 |
---------------+----------+-----
Axes           | 2 |  2.5
Shields        | 3 |  3.1
Armour         | 3 |  3.0
Fighting       | |  3.2

Action                   || total
-------------------------++-------
Melee: War axe           ||   103
  Use: Potion            ||     1
Armor: Scale mail        ||    63
Dodge: Dodged            ||    32
Block: Shield            ||    71

Table legend:
 A = Non-vault XP
 B = Vault XP
 C = Vault XP percentage of total XP
 D = Non-vault monster count
 E = Vault monster count
 F = Vault count percentage of total count
                 A         B        C        D         E       F
            +---------+---------+-------+---------+---------+-------
      Total |      55 |       8 |  12.7 |      28 |       2 |   6.7
            +---------+---------+-------+---------+---------+-------
        D:1 |      52 |       8 |  13.3 |      25 |       2 |   7.4
        D:2 |       3 |       0 |   0.0 |       3 |       0 |   0.0
            +---------+---------+-------+---------+---------+-------
